Map: Lost and Found LE

Players

Namshar - Winner!

  • Race: Zerg Zerg
  • League: Master
  • Spawn Location: 7:00

MarineLorD

  • Race: Terran Terran
  • League: Master
  • Spawn Location: 1:00

Event: HomeStory Cup XVIII

VOD

Have the link to the VOD?

Description

Time

  • Played on: Nov. 22, 2018, 8:51 a.m.
  • Length: 6:05

All games in this series

Show
View Real Time Build Order
Export as new Build Order

Namshar Zerg - Winner!

Build Orders: Pool First, Ravager All-In 

Get SALT Encoding   

  12  0:00  Drone  
  13  0:12  Overlord  
  13  0:17  Drone  
  14  0:30  Drone x2  
  14  0:34  Drone  
  17  0:43  Spawning Pool  
  17  0:48  Drone  
  17  1:07  Hatchery  
  16  1:11  Extractor  
  16  1:12  Drone  
  16  1:17  Drone  
  17  1:30  Zergling x4  
  17  1:31  Queen  
  21  1:39  Overlord  
  21  1:49  Drone  
  22  2:00  Drone  
  23  2:06  Queen  
  23  2:07  Spine Crawler  
  24  2:15  Roach Warren  
  24  2:21  Zergling x4  
  25  2:26  Extractor  
  24  2:34  Overlord  
  24  2:57  Roach x2  
  27  3:04  Roach  
  27  3:05  Roach  
  30  3:14  Roach  
  30  3:16  Drone x2  
  30  3:17  Drone  
  36  3:20  Ravager  
  36  3:22  Ravager  
  36  3:25  Ravager  
  38  3:37  Overlord  
  38  4:00  Ravager  
  39  4:03  Ravager  
  39  4:04  Hatchery  
  39  4:13  Overlord  
  39  4:18  Metabolic Boost  
  37  4:30  Drone  
  38  4:35  Overlord  
  35  4:52  Drone  
  36  4:53  Drone x2  
  35  5:01  Queen  
  35  5:05  Roach x2  
  37  5:21  Drone  
  36  5:35  Roach x3, Zergling x2  
  43  5:38  Roach  
Show
View Real Time Build Order
Export as new Build Order

MarineLorD Terran 

Build Orders:  

Get SALT Encoding   

  12  0:00  SCV  
  13  0:12  SCV  
  14  0:17  Supply Depot  
  14  0:41  Barracks  
  14  0:52  Barracks  
  14  1:00  Barracks  
  14  1:05  SCV  
  15  1:17  SCV  
  16  1:28  Marine  
  16  1:29  Orbital Command  
  17  1:39  Marine  
  18  1:46  Marine  
  18  1:47  Marine  
  19  1:52  Supply Depot  
  20  1:54  SCV  
  20  1:56  Marine  
  22  2:03  Marine  
  23  2:13  Marine  
  23  2:14  Bunker  
  23  2:16  Marine  
  23  2:20  SCV  
  23  2:21  Marine  
  26  2:31  Marine  
  26  2:32  SCV  
  26  2:33  Marine  
  29  2:39  Marine  
  29  2:41  Supply Depot  
  30  2:48  Refinery  
  30  2:49  Marine  
  31  2:56  Marine  
  31  3:02  Marine  
  31  3:03  SCV  
  33  3:06  Marine  
  33  3:13  Marine  
  34  3:20  Marine  
  34  3:24  Marine, SCV  
  37  3:31  Marine  
  35  3:38  Marine  
  36  3:42  SCV  
  36  3:46  Marine  
  38  3:49  Marine  
  35  3:58  Marine  
  35  4:01  Factory  
  36  4:09  Supply Depot  
  36  4:11  SCV  
  37  4:19  Marine  
  37  4:23  SCV  
  36  4:26  Marine x2  
  36  4:35  SCV  
  36  4:37  Marine  
  38  4:44  Marine x2  
  38  4:46  Factory Tech Lab  
  38  4:48  SCV  
  34  4:55  Marine  
  31  5:02  Marine x2  
  31  5:07  Cyclone  
  36  5:09  SCV  
  36  5:14  Supply Depot  
  25  5:31  Marine  
  25  5:35  Marine x2, SCV  
  21  5:47  SCV  
Tags
 
Add a new tag
Caveats
  • Supply blocks, unpowered buildings, or Contaminate may cause inaccurate times.
  • Supply counts are checked every 10 seconds.